 Dungeon Crawl Stone Soup version 0.18-b1-2-gd0c887e (webtiles) character file.

4067 braveplatypus the Thrower (level 10, 18/98 HPs)
             Began as an Ogre Hunter on Apr 28, 2016.
             Was an Initiate of Lugonu.
             Quit the game on level 8 of the Dungeon.
             The game lasted 00:31:55 (8573 turns).

braveplatypus the Thrower (Ogre Hunter)             Turns: 8573, Time: 00:31:56

Health: 18/98      AC: 15    Str: 22      XL:     10   Next: 25%
Magic:  10/10      EV:  5    Int:  9 (10) God:    Lugonu [......]
Gold:   420        SH: 16    Dex:  6      Spells: 0 memorised, 9 levels left

rFire  . . .     SeeInvis .     u - +0 blowgun
rCold  + + .     Gourm    .     d - +0 ice dragon armour
rNeg   . . .     Faith    .     l - +0 large shield {AC+3}
rPois  .         Spirit   .     (helmet restricted)
rElec  .         Dismiss  .     v - +1 cloak
rCorr  .         Reflect  .     (gloves unavailable)
SustAt .         Harm     .     (boots unavailable)
MR     +....                    (no amulet)
Stlth  ..........               (no ring)
                                r - ring of protection from fire

@: non-regenerating, badly diseased, somewhat resistant to hostile enchantments,
extremely unstealthy
A: unfitting armour, blurry vision 2, clumsy 2, screaming 2, tough skin 1,
subdued magic 2, MP-powered wands
a: Renounce Religion


You were on level 8 of the Dungeon.
You worshipped Lugonu.
Lugonu was noncommittal.
You were not hungry.

You visited 1 branch of the dungeon, and saw 8 of its levels.
You visited the Abyss 1 time.

You collected 541 gold pieces.
You spent 121 gold pieces at shops.

Inventory:

Hand Weapons
 k - a +1 mace
 u - a +0 blowgun (weapon)
Missiles
 j - 13 tomahawks
 m - 238 stones
 n - 48 poisoned needles (quivered)
 y - 5 curare-tipped needles
Armour
 d - a +0 ice dragon armour (worn)
 l - a +0 large shield of protection (worn)
 v - a +1 cloak (worn)
Jewellery
 r - a ring of protection from fire (left hand)
 s - an uncursed ring of ice
 D - an uncursed amulet of faith
Wands
 q - a wand of flame (18/48)
 M - a wand of slowing (30/48)
Scrolls
 a - 3 scrolls of magic mapping
 g - 2 scrolls of teleportation
 w - 3 scrolls of remove curse
 G - 2 scrolls of fear
 I - a scroll of enchant weapon
 O - a scroll of identify
Potions
 b - a potion of mutation {unknown}
 e - a potion of degeneration
 h - 7 potions of curing
 o - a potion of might
 p - 2 potions of brilliance
 x - 2 potions of haste
 z - a potion of ambrosia
 A - 2 potions of berserk rage
 C - a potion of cancellation {unknown}
Books
 c - a book of Frost

   Spells                             Type                      Level
   a - Freeze                         Ice                          1
   b - Throw Frost                    Conjuration/Ice              2
   c - Ozocubu's Armour               Charms/Ice                   3
   d - Throw Icicle                   Conjuration/Ice              4
   e - Summon Ice Beast               Ice/Summoning                4
 i - a Young Poisoner's Handbook

   Spells                             Type                      Level
   a - Sting                          Conjuration/Poison           1
   b - Cure Poison                    Poison                       2
   c - Mephitic Cloud                 Conjuration/Poison/Air       3
   d - Olgreb's Toxic Radiance        Poison                       4
   e - Venom Bolt                     Conjuration/Poison           5
 H - a book of Enchantments

   Spells                             Type                      Level
   a - Cause Fear                     Hexes                        4
   b - Yara's Violent Unravelling     Hexes/Transmutation          5
   c - Silence                        Hexes/Air                    5
   d - Deflect Missiles               Charms/Air                   6
   e - Haste                          Charms                       6
   f - Discord                        Hexes                        8
 L - a book of Death

   Spells                             Type                      Level
   a - Corpse Rot                     Necromancy                   2
   b - Sublimation of Blood           Necromancy                   2
   c - Agony                          Necromancy                   5
   d - Dispel Undead                  Necromancy                   5
   e - Excruciating Wounds            Charms/Necromancy            5
   f - Bolt of Draining               Conjuration/Necromancy       5
Comestibles
 f - 8 bread rations
 t - 4 meat rations
 B - a slice of pizza
 E - 2 beef jerkies
 N - a fruit


   Skills:
 - Level 6.0 Fighting
 + Level 11.2 Throwing
 - Level 1.0 Armour
 - Level 2.3 Dodging
 - Level 0.7 Stealth
 + Level 7.9 Shields


You had 9 spell levels left.
You didn't know any spells.

Dungeon Overview and Level Annotations

Branches:
Dungeon (8/15)             Temple (0/1) D:7
   Lair: D:8-11

Altars:
Ashenzari
Makhleb
Ru
Trog

Shops:
D:4 =}([(   D:6 =

Annotations:
D:8 Psyche


Innate Abilities, Weirdness & Mutations

You are too large for most types of armour.
You have tough skin (AC +1).
[Scrolls take you longer to read.]
[You are very clumsy. (Dex -4)]
[You sometimes yell uncontrollably at your foes.]
[Your spells are easier to cast, but less powerful.]
[You expend magic power (3 MP) to strengthen your wands.]


Message History

Aim: Psyche, wielding a dagger of distortion and wearing a robe (lightly wounded, fast)
You throw a javelin. The javelin barely misses Psyche.
Your surroundings suddenly seem different.
A gnoll comes into view. It is wielding a spear.
The gnoll shouts!
You hear a shout! x2
Found a scroll labeled JACRET IVIHO and 2 emerald potions.
A worker ant comes into view.
Firing (i - inventory. (,) - cycle):
n - 50 poisoned needles (quivered)
Press: ? - help, Shift-Dir - straight line, f - gnoll
Aim: a gnoll, wielding a spear You shoot a poisoned needle.
The poisoned needle hits the gnoll.
The gnoll is poisoned.
The worker ant twitches its antennae in your direction.
The gnoll barely misses you.
Firing (i - inventory. (,) - cycle):
n - 49 poisoned needles (quivered)
Press: ? - help, Shift-Dir - straight line, f/p - gnoll
Aim: a gnoll, wielding a spear (poisoned)
You shoot a poisoned needle. The poisoned needle hits the gnoll.
The gnoll looks even sicker.
Are you sure you want to abandon this character and quit the game? (Confirm with "yes".)

### ... # a..
#. ....
#######. #.
..... ........
#.! #.....
........
####.###g.....
........
#.....?.....#
........
#.....@....#
####....
.........#..#
... ##
########## #
###


You could see a worker ant and a gnoll.

Vanquished Creatures
  The ghost of Alarkh the Martial Artist, a novice OpTm of Okawaru (D:8)
  A gargoyle (D:7)
  A water moccasin (D:7)
  Duvessa (D:7)
  3 sky beasts (D:6)
  3 ice beasts
  An orc warrior (D:7)
  5 ogres
  3 centaurs (D:6)
  Dowan (D:7)
  A giant frog (D:8)
  3 scorpions
  6 killer bees (D:8)
  2 howler monkeys
  3 wights (D:8)
  A vampire bat (D:3)
  A crimson imp (D:7)
  A giant frog zombie (D:6)
  3 orc priests
  Crazy Yiuf (D:2)
  A giant frog skeleton (D:6)
  2 hounds
  A centaur skeleton (D:4)
  5 orc wizards
  4 iguanas
  4 worker ants
  A hound skeleton (D:6)
  A howler monkey zombie (D:7)
  3 gnolls (D:2)
  10 adders
  A shadow imp (D:5)
  An ooze (D:2)
  An adder zombie (D:5)
  2 worms
  4 dart slugs
  6 giant geckos
  28 orcs
  A ball python (D:1)
  6 giant cockroaches
  13 goblins
  10 hobgoblins
  20 jackals
  4 quokkas
  19 bats
  A giant gecko zombie (D:6)
  2 giant newts
  10 kobolds
  A quokka skeleton (D:3)
  9 rats
213 creatures vanquished.

Notes
Turn   | Place    | Note
--------------------------------------------------------------
     0 | D:1      | braveplatypus the Ogre Hunter began the quest for the Orb.
     0 | D:1      | Reached XP level 1. HP: 22/22 MP: 1/1
   211 | D:1      | Reached XP level 2. HP: 29/29 MP: 2/2
   559 | D:1      | Reached XP level 3. HP: 36/36 MP: 3/3
   572 | D:1      | Reached skill level 5 in Throwing
  1137 | D:2      | Reached XP level 4. HP: 32/45 MP: 4/4
  2105 | D:2      | Reached XP level 5. HP: 45/54 MP: 5/5
  2212 | D:2      | Noticed Crazy Yiuf
  2217 | D:2      | Killed Crazy Yiuf
  2530 | D:3      | Reached skill level 6 in Throwing
  2804 | D:3      | Reached skill level 5 in Fighting
  2866 | D:3      | Reached XP level 6. HP: 45/66 MP: 6/6
  3210 | D:3      | Found a shattered altar of Ashenzari.
  3549 | D:4      | Found Taryojoin's Gadget Shoppe.
  3659 | D:4      | Found Rov Mei's Jewellery Emporium.
  3818 | D:4      | Found Hegyque's Weapon Emporium.
  3861 | D:4      | Found Xud Mej's Antique Weapon Shoppe.
  3931 | D:4      | Found Yhogo's Antique Armour Boutique.
  3948 | D:4      | Reached XP level 7. HP: 75/75 MP: 7/7
  3985 | D:4      | Reached skill level 7 in Throwing
  4007 | D:4      | Reached skill level 1 in Armour
  4280 | D:4      | Bought a runed large shield for 121 gold pieces
  4312 | D:5      | Entered Level 5 of the Dungeon
  4826 | D:5      | Reached skill level 1 in Shields
  4968 | D:5      | Reached XP level 8. HP: 83/83 MP: 8/8
  4981 | D:5      | Reached skill level 8 in Throwing
  5324 | D:5      | Found a bloodstained altar of Trog.
  5418 | D:5      | Became a worshipper of Trog the Wrathful
  5610 | D:6      | Found Dulib's Jewellery Shoppe.
  5737 | D:6      | Reached skill level 9 in Throwing
  5910 | D:6      | Reached XP level 9. HP: 89/89 MP: 9/9
  6057 | D:6      | Reached skill level 5 in Shields
  6297 | D:6      | Found a sacrificial altar of Ru.
  6943 | D:7      | Found a burning altar of Makhleb.
  7127 | D:7      | Noticed a gargoyle
  7130 | D:7      | Noticed Duvessa
  7133 | D:7      | Noticed Dowan
  7137 | D:7      | Killed a gargoyle
  7137 | D:7      | Reached skill level 10 in Throwing
  7157 | D:7      | Killed Duvessa
  7157 | D:7      | Reached * piety under Trog
  7182 | D:7      | Killed Dowan
  7420 | D:7      | Found a staircase to the Ecumenical Temple.
  7604 | D:8      | Noticed Alarkh's ghost (novice OpTm)
  8015 | D:8      | Killed Alarkh's ghost
  8015 | D:8      | Reached skill level 11 in Throwing
  8015 | D:8      | Reached XP level 10. HP: 73/98 MP: 10/10
  8284 | D:8      | Reached ** piety under Trog
  8347 | D:8      | Noticed Psyche
  8402 | D:8      | Cast into level 1 of the Abyss (Psyche)
  8537 | Abyss:3  | Noticed a wretched star
  8553 | Abyss:3  | Found a corrupted altar of Lugonu.
  8561 | Abyss:3  | Fell from the grace of Trog
  8561 | Abyss:3  | Became a worshipper of Lugonu the Unformed
  8561 | Abyss:3  | Reached * piety under Lugonu
  8562 | D:8      | Escaped the Abyss
  8573 | D:8      | Quit the game

Skill      XL: |  1  2  3  4  5  6  7  8  9 |
---------------+----------------------------+-----
Throwing       | 5 6 7 9 11 | 11.2
Fighting       | 3 4 5 6 |  6.0
Dodging        | 2 |  2.3
Armour         | 1 |  1.0
Shields        | 2 4 7 |  7.9
Stealth        | |  0.7

Action                   |  1- 3 |  4- 6 |  7- 9 | 10-12 || total
-------------------------+-------+-------+-------+-------++-------
Melee: Short sword       |    33 |       |       |       ||    33
       Club              |    23 |       |       |       ||    23
       Mace              |     9 |   173 |    49 |       ||   231
       Blowgun           |       |       |       |     1 ||     1
 Fire: Blowgun           |       |       |    54 |    33 ||    87
Throw: Stone             |    15 |    24 |   177 |    78 ||   294
       Tomahawk          |    22 |     6 |    91 |       ||   119
       Javelin           |    11 |   107 |    88 |     6 ||   212
       Large rock        |       |    11 |    26 |     3 ||    40
       Throwing net      |       |     3 |     4 |     1 ||     8
Invok: Depart the Abyss  |       |       |       |     1 ||     1
  Use: Scroll            |       |     9 |    10 |     2 ||    21
 Stab: Distracted        |       |     1 |       |       ||     1
       Held in net/web   |       |       |     1 |       ||     1
  Eat: Chunk             |     1 |     8 |    13 |     2 ||    24
Armor: Robe              |    33 |    37 |       |       ||    70
       Ice dragon armour |       |   136 |   114 |    28 ||   278
Dodge: Dodged            |    42 |   158 |    37 |    13 ||   250
Block: Large shield      |       |       |   211 |    56 ||   267
